 Dungeon Crawl Stone Soup version 0.18-a0-1800-gdc7a371 (webtiles) character file.

4780 OreoMilkShake the Spear-Bearer (level 10, 0/79 HPs)
             Began as a Merfolk Skald on Apr 23, 2016.
             Was a High Priest of Pakellas.
             Slain by a killer bee (2 damage)
             ... on level 9 of the Dungeon.
             The game lasted 01:08:51 (14540 turns).

OreoMilkShake the Spear-Bearer (Merfolk Skald)     Turns: 14540, Time: 01:08:52

Health: 0/79       AC:  6    Str: 15    XL:     10   Next: 47%
Magic:  7/16       EV: 19    Int: 15    God:    Pakellas [*****.]
Gold:   560        SH: 10    Dex: 13    Spells: 3 memorised, 8 levels left

rFire  . . .     SeeInvis .     a - +0 spear
rCold  + . .     Gourm    .     N - +1 robe of Noughts and Crosses {rC+ Int+2}
rNeg   + . .     Faith    .     P - +1 shield
rPois  .         Spirit   .     R - +2 helmet
rElec  .         Dismiss  .     (no cloak)
rCorr  .         Reflect  .     (no gloves)
SustAt .         Harm     .     (no boots)
MR     .....                    (no amulet)
Stlth  +.........               O - +5 ring of evasion
                                B - ring of positive energy {rN+}

@: lethally poisoned (0 -> -17), not resistant to hostile enchantments, very
unstealthy
A: change form in water, swift swim
a: Quick Charge, Device Surge, Renounce Religion


You were on level 9 of the Dungeon.
You worshipped Pakellas.
Pakellas was extremely pleased with you.
You were near starving.

You visited 2 branches of the dungeon, and saw 10 of its levels.

You collected 560 gold pieces.

Inventory:

Hand Weapons
 a - a +0 spear (weapon)
 t - the +4 hunting sling "Kin Icup" {freeze, rF+ Str+6}
   (You found it on level 7 of the Dungeon)

   It causes projectiles fired from it to freeze those they strike, causing
   extra injury to most foes and up to half again as much damage against
   particularly susceptible opponents.
   They can also slow down cold-blooded creatures.
   It affects your strength (+6).
   It protects you from fire.
Armour
 N - the +1 robe of Noughts and Crosses (worn) {rC+ Int+2}
   (You found it on level 5 of the Dungeon)

   It affects your intelligence (+2).
   It protects you from cold.
 P - a +1 shield (worn)
   (You found it on level 6 of the Dungeon)
 R - a +2 helmet (worn)
   (You found it on level 9 of the Dungeon)
Rods
 b - a +5 rod of inaccuracy (10/10) {!a}
   (Pakellas gifted it to you on level 6 of the Dungeon)
Jewellery
 q - an uncursed ring of ice {rC+, rF-}
   (You found it on level 2 of the Dungeon)
 B - a ring of positive energy (left hand) {rN+}
   (You took it off Robin on level 4 of the Dungeon)
 O - a +5 ring of evasion (right hand)
   (You found it on level 7 of the Dungeon)
 U - an uncursed amulet of dismissal {unknown}
   (You took it off an orc on level 9 of the Dungeon)
Wands
 m - a wand of confusion (20/48)
   (You found it on level 6 of the Dungeon)
 u - a wand of confusion (1/48)
   (Pakellas gifted it to you on level 3 of the Dungeon)
 x - a wand of acid (5/15)
   (You took it off a goblin on level 4 of the Dungeon)
 A - a wand of paralysis (13/24)
   (Pakellas gifted it to you on level 4 of the Dungeon)
 E - a wand of slowing (22/48)
   (You found it on level 4 of the Dungeon)
 I - a wand of digging (15/24)
   (You found it on level 5 of the Dungeon)
 K - a wand of lightning (2/15)
   (You found it on level 5 of the Dungeon)
 Q - a wand of random effects (5/48)
   (You found it on level 9 of the Dungeon)
 T - a wand of digging (13/24)
   (You took it off an orc on level 9 of the Dungeon)
Scrolls
 h - 5 scrolls of remove curse
 i - 2 scrolls of enchant armour
 p - 2 scrolls of teleportation
 r - a scroll of immolation {!r}
 s - a scroll of fear {unknown}
 w - 2 scrolls of magic mapping {!r}
 y - 2 scrolls of blinking {unknown}
 z - a scroll of amnesia {unknown}
 D - 2 scrolls of recharging {unknown}
 G - a scroll of enchant weapon
 M - a scroll of torment {unknown}
 S - a scroll of identify
Potions
 e - 2 potions of heal wounds
 f - 2 potions of flight
 j - 4 potions of lignification {!q}
 k - a potion of degeneration {!q}
 n - 2 potions of invisibility
 o - 4 potions of agility
 v - a potion of might
 H - 2 potions of magic
 J - a potion of cancellation
 L - a potion of cure mutation {!q}
Books
 c - a book of Battle
 g - a book of Changes
   (You found it on level 8 of the Dungeon)
Miscellaneous
 l - a sack of spiders {used: 2}
   (Pakellas gifted it to you on level 3 of the Dungeon)
 F - a lamp of fire
   (Pakellas gifted it to you on level 4 of the Dungeon)
Comestibles
 d - 3 bread rations {@e1}
 C - 2 meat rations {@e2}


   Skills:
 + Level 7.4 Fighting
 + Level 9.3 Polearms
 - Level 0.6 Armour
 + Level 8.3 Dodging
 + Level 4.2 Shields
 - Level 2.0 Spellcasting
 - Level 4.5 Charms
 * Level 8.8 Evocations


You had 8 spell levels left.
You knew the following spells:

 Your Spells              Type           Power        Failure   Level  Hunger
a - Infusion              Chrm           ###.         14%         1    #......
s - Shroud of Golubria    Chrm/Tloc      #.........   61%         2    ###....
S - Song of Slaying       Chrm           ###.....     21%         2    ###....


Dungeon Overview and Level Annotations

Branches:
Dungeon (9/15)             Temple (1/1) D:6
   Lair: D:8-11         Orc: D:9-12

Altars:
Ashenzari
Cheibriados
Dithmenos
Elyvilon
Fedhas
Gozag
Kikubaaqudgha
Makhleb
Nemelex Xobeh
Okawaru
Pakellas
Qazlal
Ru
Sif Muna
Trog
Vehumet
Xom
Yredelemnul
Zin
The Shining One


Message History

The killer bee appears confused.
This wand has 11 charges left.
The killer bee disappears!
The killer bee stings you.
You are more poisoned.
The killer bee poisons you!
You take 3 damage, and have 38/79 hp.
Aim: a killer bee The killer bee evaporates and reforms as a gnoll!
This wand has 10 charges left.
You feel sick. The gnoll closely misses you.
You take 1 damage, and have 37/79 hp.
The gnoll looks slightly unstable.
This wand has 9 charges left.
You feel sick. The gnoll misses you.
You hit the gnoll but do no damage. You hit the gnoll.
You feel sick. The gnoll closely misses you.
A warg comes into view.
You take 1 damage, and have 36/79 hp.
The warg howls!
You hit the gnoll.
You feel sick.
The gnoll disappears!
You block the killer bee's attack.
You take 1 damage, and have 35/79 hp.
You miss the killer bee. You block the killer bee's attack.
The killer bee closely misses you.
Aim: a killer bee (lightly wounded)
The killer bee seems to speed up.
This wand has 8 charges left.
You feel sick. You block the killer bee's attack.
The killer bee stings you but does no damage. x2
You take 1 damage, and have 34/79 hp.
You hit the killer bee. You block the killer bee's attack.
The killer bee closely misses you.
Aim: a killer bee (lightly wounded)
The killer bee flickers and vanishes!
Deactivating autopickup; reactivate with Ctrl-A.
This wand has 7 charges left.
You feel sick. Something closely misses you. x2
Something barely misses you.
You take 1 damage, and have 34/79 hp.
You hit something. You block something's attack. Something stings you.
You take 1 damage, and have 33/79 hp.
Aim: a killer bee (lightly wounded) Nothing appears to happen.
This wand has 6 charges left.
You feel sick. Something barely misses you. Something closely misses you.
Something stings you but does no damage.
You take 1 damage, and have 32/79 hp.
Aim: a killer bee (lightly wounded)
The puff of flame hits something.
This wand has 5 charges left.
Something stings you. Something closely misses you.
Something barely misses you.
You take 1 damage, and have 31/79 hp.
You closely miss something.
You feel sick. Something stings you. You block something's attack.
You take 3 damage, and have 28/79 hp.
You completely miss something. Something stings you.
You are more poisoned.
Something poisons you! Something stings you.
You are more poisoned.
Something poisons you!
You take 3 damage, and have 25/79 hp.
Drink which item? (? for menu, Esc to quit)
Okay, then.
Okay, then.
Charge which item? (? for menu, Esc to quit)
Your wand of lightning (0/15) glows for a moment and now has 5 charges.
You feel somewhat more hungry.
You feel sick. Something completely misses you. Something stings you.
* * * LOW HITPOINT WARNING * * *
Something stings you but does no damage.
You take 6 damage, and have 19/79 hp.
You now have 6/16 mp.
You hear a mighty clap of thunder!
The bolt of lightning hits the killer bee. x2
The bolt of lightning hits the warg. x2
You kill the warg!
Pakellas accepts your kill.
This wand has 4 charges left.
You feel sick.
You hear a howl!
You hear a shout! x2; You hear a howl!
Something closely misses you. Something completely misses you.
You block something's attack.
You take 2 damage, and have 17/79 hp.
You hear a mighty clap of thunder!
The bolt of lightning hits something.
The bolt of lightning hits the killer bee.
You kill the killer bee!
Pakellas accepts your kill.
You feel your power returning.
The bolt of lightning hits the warg.
The bolt of lightning misses the warg.
This wand has 3 charges left.
You feel sick.
Something stings you but does no damage.
Something barely misses you. Something stings you.
* * * LOW HITPOINT WARNING * * *
You are lethally poisoned!
Something poisons you!
You take 5 damage, and have 12/79 hp.
You hear a mighty clap of thunder!
The bolt of lightning hits the warg. x2
You kill the warg!
Pakellas accepts your kill.
Your lamp of fire has recharged.
This wand has 2 charges left.
* * * LOW HITPOINT WARNING * * *
You feel sick. Something stings you!
* * * LOW HITPOINT WARNING * * *
Something stings you.
You die...
Pakellas says: Time to start the next experiment...

..#.....##..####.....## #.#..
###.......[.#.........# #.#..
#...........+.........# #.#..
#...........#.........# #.#..
#.....#'#...###+......#######.##'
#.....#.#........................
#######.##................##'###.
...............#.###......#....#.
...............#@# #......#....#.
...............#{###......#...[#.
.#########.#...#†.##......######.
.# #.#...##.##.....>. .. .#
#.#...##..#........ . .#
#.#...###.#....... .#
#............... #...............
#.#####.#.......


There were no monsters in sight!

Vanquished Creatures
  Erica (D:8)
  An orc warrior (D:9)
  2 hippogriffs
  Menkaure (D:5)
  Edmund (D:5)
  2 wargs (D:9)
  2 sky beasts
  2 black bears
  A wasp (D:9)
  A necrophage (D:8)
  5 ogres
  4 phantoms
  2 big kobolds
  2 giant frogs
  A wyvern skeleton (D:7)
  2 scorpions
  2 killer bees (D:9)
  A howler monkey (D:4)
  2 crimson imps
  A jelly (D:4)
  A centaur zombie (D:3)
  3 orc priests
  4 centaur skeletons
  5 hounds
  3 iguanas
  2 giant frog skeletons
  An orc wizard (D:6)
  8 worker ants
  2 hound zombies
  A hound skeleton (D:4)
  2 howler monkey zombies
  4 worker ant zombies
  Robin (D:4)
  8 gnolls
  9 adders
  A shadow imp (D:7)
  An ooze (D:3)
  2 adder zombies
  4 adder skeletons
  A worm (D:5)
  4 dart slugs
  5 giant geckos
  16 orcs
  3 bats (D:1)
  4 giant cockroaches
  24 goblins
  7 hobgoblins
  14 jackals
  15 kobolds
  6 quokkas
  6 ball pythons
  A giant cockroach zombie (D:3)
  5 giant gecko skeletons
  A giant gecko zombie (D:3)
  8 giant newts
  A jackal skeleton (D:3)
  A jackal zombie (D:3)
  5 quokka skeletons
  3 quokka zombies
  6 rats
234 creatures vanquished.

Vanquished Creatures (collateral kills)
  A phantom (D:6)
  A giant frog zombie (D:6)
  2 orc wizards (D:6)
  A worker ant (D:6)
5 creatures vanquished.

Vanquished Creatures (others)
  A centaur (D:9)
1 creature vanquished.

Grand Total: 240 creatures vanquished

Notes
Turn   | Place    | Note
--------------------------------------------------------------
     0 | D:1      | OreoMilkShake the Merfolk Skald began the quest for the Orb.
     0 | D:1      | Reached XP level 1. HP: 16/16 MP: 3/3
   144 | D:1      | Reached XP level 2. HP: 22/22 MP: 5/5
   271 | D:1      | Reached skill level 2 in Dodging
   774 | D:2      | Reached skill level 4 in Charms
   809 | D:2      | Reached XP level 3. HP: 22/28 MP: 6/6
   898 | D:2      | HP: 7/28 [poisoned by an adder]
   906 | D:2      | HP: 6/28 [poisoned by an adder]
  1272 | D:2      | Learned a level 2 spell: Song of Slaying
  1275 | D:2      | Learned a level 2 spell: Shroud of Golubria
  1432 | D:2      | Found a shadowy altar of Dithmenos.
  1922 | D:3      | Found a faded altar to an unknown god.
  1925 | D:3      | Became a worshipper of Pakellas the Inventive
  1925 | D:3      | Reached * piety under Pakellas
  1925 | D:3      | Received a gift from Pakellas
  1997 | D:3      | Reached XP level 4. HP: 10/34 MP: 0/7
  2470 | D:3      | Reached skill level 1 in Evocations
  2471 | D:3      | HP: 8/34 [worker ant zombie (2)]
  2477 | D:3      | HP: 5/34 [worker ant zombie (1)]
  2498 | D:3      | Reached skill level 3 in Fighting
  2941 | D:2      | HP: 4/35 [gnoll/halberd (6)]
  2942 | D:2      | Reached skill level 3 in Dodging
  2942 | D:2      | Reached XP level 5. HP: 5/41 MP: 0/8
  3324 | D:3      | Reached ** piety under Pakellas
  3324 | D:3      | Received a gift from Pakellas
  3721 | D:3      | Reached skill level 4 in Polearms
  3721 | D:3      | Reached skill level 2 in Evocations
  4212 | D:3      | Reached XP level 6. HP: 46/47 MP: 9/9
  4247 | D:3      | Found a sacrificial altar of Ru.
  4325 | D:3      | Found a radiant altar of Vehumet.
  4462 | D:4      | HP: 3/47 [acid (9)]
  4463 | D:4      | HP: 1/47 [acid (2)]
  4749 | D:4      | HP: 10/48 [jackal (3)]
  4779 | D:4      | Reached *** piety under Pakellas
  4779 | D:4      | Received a gift from Pakellas
  4965 | D:4      | Noticed Robin
  4978 | D:4      | Killed Robin
  5299 | D:4      | Reached skill level 3 in Evocations
  5438 | D:4      | Reached skill level 4 in Fighting
  5438 | D:4      | Reached skill level 4 in Dodging
  5811 | D:3      | Reached XP level 7. HP: 33/54 MP: 8/10
  6058 | D:4      | Reached skill level 5 in Polearms
  6416 | D:4      | Reached **** piety under Pakellas
  6416 | D:4      | Received a gift from Pakellas
  6584 | D:4      | Reached skill level 4 in Evocations
  6911 | D:4      | Reached skill level 5 in Dodging
  6979 | D:4      | Found an iron altar of Okawaru.
  7014 | D:5      | Entered Level 5 of the Dungeon
  7167 | D:5      | Noticed Menkaure
  7182 | D:5      | Killed Menkaure
  7182 | D:5      | Reached skill level 6 in Polearms
  7182 | D:5      | Reached XP level 8. HP: 61/61 MP: 11/11
  7208 | D:5      | Reached skill level 5 in Fighting
  7208 | D:5      | Reached skill level 5 in Evocations
  7246 | D:5      | Noticed Edmund
  7769 | D:5      | Killed Edmund
  7785 | D:5      | Reached skill level 6 in Dodging
  7947 | D:5      | Reached skill level 6 in Evocations
  7994 | D:5      | Got a creamy pearl robe
  8035 | D:5      | Found a bloodstained altar of Trog.
  8319 | D:5      | Reached skill level 7 in Polearms
  8368 | D:5      | Got a faintly glowing ring mail
  8476 | D:6      | Identified the +1 robe of Noughts and Crosses {rC+ Int+2} (You found it on level 5 of the Dungeon)
  8486 | D:6      | Identified the cursed +0 ring mail "Suuhav" {rPois MP-9 Str+4 Slay-3} (You found it on level 5 of the Dungeon)
  8810 | D:6      | Reached ***** piety under Pakellas
  8810 | D:6      | Received a gift from Pakellas
  9016 | D:6      | Reached skill level 1 in Shields
  9016 | D:6      | Reached XP level 9. HP: 39/69 MP: 9/13
  9586 | D:6      | Upgraded the game from 0.18-a0-1799-g6250cb2 to 0.18-a0-1800-gdc7a371
  9599 | D:6      | Found a stormy altar of Qazlal.
  9726 | D:6      | Found a staircase to the Ecumenical Temple.
  9732 | Temple   | Entered the Ecumenical Temple
 10051 | D:6      | Found an ancient bone altar of Kikubaaqudgha.
 10251 | D:6      | Reached skill level 2 in Shields
 10332 | D:6      | Reached skill level 6 in Fighting
 10479 | D:7      | Reached skill level 7 in Evocations
 10653 | D:7      | Found a shimmering altar of Xom.
 10662 | D:7      | Got a polished hunting sling
 10663 | D:7      | Identified the +4 hunting sling "Kin Icup" {freeze, rF+ Str+6} (You found it on level 7 of the Dungeon)
 10710 | D:7      | Reached skill level 7 in Dodging
 11079 | D:7      | HP: 17/69 [phantom (4)]
 11094 | D:7      | HP: 14/69 [phantom (2)]
 11099 | D:7      | Reached skill level 8 in Polearms
 11139 | D:7      | Found an oddly glowing altar of Pakellas.
 11706 | D:7      | HP: 17/70 [something (3)]
 11707 | D:7      | HP: 5/70 [something (5)]
 11732 | D:7      | HP: 9/70 [something (2)]
 11732 | D:7      | HP: 3/70 [something (6)]
 11740 | D:7      | Gained mutation: You have a pair of small horns on your head. [mutagenic meat]
 11741 | D:7      | Gained mutation: Scrolls take you a little longer to read. [mutagenic meat]
 11742 | D:7      | Gained mutation: You occasionally shout uncontrollably at your foes. [mutagenic meat]
 11744 | D:7      | Gained mutation: You passively map a small area around you. [potion of mutation]
 11744 | D:7      | Lost mutation: You passively map a small area around you. [potion of mutation]
 11744 | D:7      | Gained mutation: You are partially covered in yellow scales (AC +2). [potion of mutation]
 11746 | D:7      | Lost mutation: Scrolls take you a little longer to read. [potion of cure mutation]
 11746 | D:7      | Lost mutation: You occasionally shout uncontrollably at your foes. [potion of cure mutation]
 11746 | D:7      | Lost mutation: You have a pair of small horns on your head. [potion of cure mutation]
 11746 | D:7      | Lost mutation: You are partially covered in yellow scales (AC +2). [potion of cure mutation]
 12082 | D:7      | Reached skill level 3 in Shields
 12208 | D:8      | Noticed Erica
 12247 | D:8      | Killed Erica
 12247 | D:8      | Reached skill level 8 in Dodging
 12247 | D:8      | Reached skill level 8 in Evocations
 12247 | D:8      | Reached XP level 10. HP: 49/77 MP: 10/16
 12584 | D:8      | Found a sparkling altar of Nemelex Xobeh.
 12804 | D:8      | Reached skill level 7 in Fighting
 13631 | D:9      | Found a shimmering altar of Xom.
 13750 | D:9      | Reached skill level 9 in Polearms
 13802 | D:9      | HP: 18/79 [shot self (16)]
 13803 | D:9      | Reached skill level 4 in Shields
 14494 | D:9      | Found a sparkling altar of Nemelex Xobeh.
 14537 | D:9      | HP: 19/79 [something (5)]
 14540 | D:9      | HP: 2/79 [something (8)]
 14540 | D:9      | Slain by a killer bee

Vault maps used:
D:1:      minmay_arrival_five_plusses
D:2:      nicolae_dithmenos_through_a_glass_darkly, first_bread,
          roderic_lattice_a
D:3:      lemuel_round_altar, lemuel_round_altar, serial_undead,
          serial_undead_d, serial_undead_f, serial_undead_d, serial_undead_a,
          serial_undead_f, serial_undead_a, serial_undead_c, serial_undead_f,
          serial_undead_e, serial_undead_a, ecumenical_altar_1,
          kennysheep_generic_room_4
D:4:      kennysheep_goblin_castle, okawaru_altar_gauntlet_db
D:5:      trog_butcher_becter, uniq_edmund, uniq_menkaure
D:6:      marbit_many_paths, minmay_temple_entry_grid, grunt_qazlal_sundering
D:7:      grunt_pakellas_sulfur, basic_altar
D:8:      lemuel_crystal_altar, uniq_erica
D:9:      lemuel_castle_with_subvaults, xom_butterflies, basic_altar,
          uniq_joseph
Temple:   zaba_magenta_temple_12

Skill      XL: |  1  2  3  4  5  6  7  8  9 10 |
---------------+-------------------------------+-----
Dodging        | 2 3 4 5 6 8 |  8.3
Charms         | 4 |  4.5
Evocations     | 1 2 3 4 6 8 |  8.8
Fighting       | 3 4 5 6 7 |  7.4
Polearms       | 4 6 7 8 9 |  9.3
Shields        | 1 3 4 |  4.2
Armour         | |  0.6
Spellcasting   | |  2.0

Action                   |  1- 3 |  4- 6 |  7- 9 | 10-12 || total
-------------------------+-------+-------+-------+-------++-------
Melee: Spear             |   149 |   380 |   892 |   295 ||  1716
       Tailslap          |       |     3 |       |       ||     3
 Cast: Infusion          |     1 |     3 |     2 |       ||     6
       Shroud of Golubri |     1 |       |       |       ||     1
Invok: Quick Charge      |       |       |       |     1 ||     1
Evoke: Wand              |     1 |    13 |    41 |    31 ||    86
       Sack of spiders   |       |       |     2 |       ||     2
       Lamp of fire      |       |       |     1 |       ||     1
  Use: Scroll            |       |       |    12 |     4 ||    16
       Potion            |       |       |     6 |       ||     6
 Stab: Sleeping          |     2 |       |     1 |       ||     3
       Confused          |       |     9 |    23 |     2 ||    34
       Paralysed         |       |     6 |    73 |       ||    79
       Distracted        |       |       |       |     1 ||     1
  Eat: Fruit             |     3 |       |       |       ||     3
       Chunk             |     1 |     4 |    11 |     5 ||    21
       Royal jelly       |       |     1 |       |       ||     1
       Meat ration       |       |     1 |     1 |       ||     2
       Beef jerky        |       |     1 |     1 |       ||     2
       Bread ration      |       |       |     2 |       ||     2
Armor: Leather armour    |    20 |    52 |    39 |       ||   111
       Robe              |       |       |    35 |    23 ||    58
Dodge: Dodged            |    63 |   172 |   299 |   151 ||   685
Block: Shield            |       |       |   134 |   107 ||   241

Vault maps used:
D:1:      minmay_arrival_five_plusses
D:2:      nicolae_dithmenos_through_a_glass_darkly, first_bread,
          roderic_lattice_a
D:3:      lemuel_round_altar, lemuel_round_altar, serial_undead,
          serial_undead_d, serial_undead_f, serial_undead_d, serial_undead_a,
          serial_undead_f, serial_undead_a, serial_undead_c, serial_undead_f,
          serial_undead_e, serial_undead_a, ecumenical_altar_1,
          kennysheep_generic_room_4
D:4:      kennysheep_goblin_castle, okawaru_altar_gauntlet_db
D:5:      trog_butcher_becter, uniq_edmund, uniq_menkaure
D:6:      marbit_many_paths, minmay_temple_entry_grid, grunt_qazlal_sundering
D:7:      grunt_pakellas_sulfur, basic_altar
D:8:      lemuel_crystal_altar, uniq_erica
D:9:      lemuel_castle_with_subvaults, xom_butterflies, basic_altar,
          uniq_joseph
Temple:   zaba_magenta_temple_12

Table legend:
 A = Turns spent in this place as a percentage of turns spent in the entire game.
 B = Non-inter-level travel turns spent in this place as a percentage of non-inter-level travel turns spent in the entire game.
 C = Inter-level travel turns spent in this place as a percentage of turns spent in this place.
 D = Turns resting spent in this place as a percentage of non-inter-level travel turns spent in this place.
 E = Turns spent auto-exploring this place as a percentage of non-inter-level travel turns spent in this place.
 F = Non-inter-level travel turns spent in this place divided by the number of levels of this place that you've seen.
                   A       B       C       D       E      F
               +-------+-------+-------+-------+-------+----------------------
         Total | 100.0 | 100.0 |   0.4 |   3.6 |   6.7 | 447.1
       Dungeon |  99.8 |  99.8 |   0.4 |   3.6 |   6.6 | 495.7
        Temple |   0.2 |   0.2 |   9.1 |  20.0 |  70.0 |  10.0
               +-------+-------+-------+-------+-------+----------------------

Table legend:
 A = Kills in this place as a percentage of kills in entire the game.
 B = Kills by you in this place as a percentage of kills by you in the entire game.
 C = Kills by friends in this place as a percentage of kills by friends in the entire game.
 D = Other kills in this place as a percentage of other kills in the entire game.
 E = Experience gained in this place as a percentage of experience gained in the entire game.
 F = Experience gained in this place divided by the number of levels of this place that you have seen.
                   A       B       C       D       E      F
               +-------+-------+-------+-------+-------+----------------------
         Total | 100.0 | 100.0 | 100.0 | 100.0 | 100.0 | 682.9
       Dungeon | 100.0 | 100.0 | 100.0 | 100.0 | 100.0 | 758.8
               +-------+-------+-------+-------+-------+----------------------
